 Dungeon Crawl Stone Soup version 0.31-a0-536-ga3e2962e35 (console) character file.

Game seed: 14694782434177476932

34 Lexodia the Cudgeller (level 3, 0/37 HPs)
             Began as an Ogre Gladiator on Aug 13, 2023.
             Slain by an orc wizard
             ... wielding a +0 dagger
              (3 damage)
             ... on level 2 of the Dungeon.
             The game lasted 00:02:49 (1129 turns).

Lexodia the Cudgeller (Ogre Gladiator)              Turns: 1129, Time: 00:02:49

Health: 0/37       AC:  3    Str: 20    XL:     3   Next: 31%
Magic:  3/3        EV: 10    Int:  9    God:
Gold:   122        SH:  0    Dex: 10    Spells: 2/2 levels left

rFire   . . .        a - +0 flail
rCold   . . .        (no shield)
rNeg    . . .        b - +0 robe
rPois   .            c - +0 hat
rElec   .            (no cloak)
rCorr   .            (gloves unavailable)
SInv    .            (boots unavailable)
Will    +....        (no amulet)
Stlth   +            h - ring of willpower
HPRegen 0.26/turn    (no ring)
MPRegen 0.08/turn

%: no passive effects
@: no status effects
A: large, unfitting armour, tough skin 1
a: no special abilities


You were on level 2 of the Dungeon.
You visited 1 branch of the dungeon, and saw 2 of its levels.

You collected 122 gold pieces.

Inventory:

Hand Weapons
 a - a +0 flail (weapon)
Missiles
 d - 3 throwing nets (quivered)
 e - a large rock
Armour
 b - a +0 robe (worn)
 c - a +0 hat (worn)
Jewellery
 h - a ring of willpower (left hand)
Scrolls
 g - 2 scrolls of poison {unknown}
 i - 3 scrolls of identify {unknown}
 j - a scroll of teleportation {unknown}
 k - a scroll of immolation {unknown}
 l - a scroll of enchant weapon {unknown}
 m - a scroll of torment {unknown}
Potions
 f - a potion of invisibility {unknown}


   Skills:
 - Level 3.0 Fighting
 + Level 3.2 Maces & Flails
 + Level 2.6 Throwing
 - Level 3.0 Dodging


You had 2 spell levels left.
You didn't know any spells.
Your spell library was empty.

Dungeon Overview and Level Annotations

Branches:
Dungeon (2/15)

Altars:

Shops:
D:1 :


Innate Abilities, Weirdness & Mutations

You are too large for most types of armour.
You have tough skin. (AC +1)


Message History

Damage: -3%(-1hp) hp: 73%(27hp)
You closely miss the orc wizard.
The orc wizard is lightly wounded.
A ball python comes into view.
The orc wizard casts a spell at you. The magic dart hits you!
Huge Dmg: -21%(-8hp) hp: 52%(19hp)
You sock the orc wizard!
The orc wizard is almost dead.
The orc wizard points at you and mumbles some strange words.
The puff of flame hits you.
The orc wizard hits you with a +0 dagger.
Huge Dmg: -16%(-6hp) hp: 36%(13hp)
Okay, then.
You are now empty-handed.
a - a +0 flail (weapon)
Press: ? - help, v - describe, . - travel
Here: an orc wizard, wielding a +0 dagger and wearing a +0 robe (almost dead)
The floor.
You closely miss the orc wizard.
The orc wizard is almost dead.
The orc wizard casts a spell.
The orc wizard flickers and vanishes!
Deactivating autopickup; reactivate with Ctrl-A.
The orc closely misses you.
You barely miss something. Something hits you.
* * * LOW HITPOINT WARNING * * *
The orc hits you but does no damage.
Huge Dmg: -8%(-3hp) hp: 28%(10hp)
You miss something. Something hits you.
* * * LOW HITPOINT WARNING * * *
The orc hits you with a +0 short sword.
* * * LOW HITPOINT WARNING * * *
Huge Dmg: -9%(-3hp) hp: 19%(7hp)
You miss something. Something hits you.
* * * LOW HITPOINT WARNING * * *
The orc hits you with a +0 short sword.
* * * LOW HITPOINT WARNING * * *
Something hits you.
You die...

.>.. #.. #.. #.#
#.# # ###.#
#.##..{######.
#.....@oooS...
####.####o....
####.# ...
##....#### . #
#........# ..
#........#
#.#.####........#
......(.........#
##..#.###.†.......#


You could see an orc wizard, 3 orcs and a ball python.

Vanquished Creatures
  A dart slug (D:2)
  3 ball pythons
  4 endoplasms (D:1)
  A giant cockroach (D:1)
  A goblin (D:1)
  3 hobgoblins (D:1)
  2 jackals (D:1)
  2 quokkas (D:1)
  3 bats (D:2)
  4 frilled lizards
  2 kobolds
  4 rats
30 creatures vanquished.

Notes
Turn   | Place    | Note
-------+----------+-------------------------------------------
     0 | D:1      | Lexodia the Ogre Gladiator began the quest for the Orb.
     0 | D:1      | Reached XP level 1. HP: 22/22 MP: 1/1
   145 | D:1      | Reached XP level 2. HP: 25/29 MP: 2/2
   535 | D:1      | Found Kysche's Book Boutique.
   649 | D:1      | Reached XP level 3. HP: 25/37 MP: 3/3
  1019 | D:2      | Identified the +4 leather armour of the Equinox {*Slow
                  | Str+4}
  1120 | D:2      | Huge Dmg: 9 dmg
  1123 | D:2      | Huge Dmg: 8 dmg
  1124 | D:2      | Huge Dmg: 6 dmg
  1128 | D:2      | Huge Dmg: 3 dmg
  1129 | D:2      | Huge Dmg: 3 dmg
  1129 | D:2      | Slain by an orc wizard

Illustrated notes

Levels and vault maps discovered:
D:1:      elethiomel_arrival_quiet, layout_loops_ring, serial_shops,
          nicolae_shop_statue_plus
D:2:      layout_basic, uniq_jessica

Skill      XL: |  1  2 |
---------------+-------+-----
Fighting       | 3 |  3.0
Maces & Flails | 3 |  3.2
Dodging        | 3 |  3.0
Throwing       | |  2.6

Action                     || total
---------------------------++-------
  Melee: Flail             ||    90
   Stab: Sleeping          ||     1
 Armour: Robe              ||    25
  Dodge: Dodged            ||    46

Table legend: (Time is in decaauts)
 A = Elapsed time spent in this place.
 B = Non-inter-level travel time spent in this place.
 C = Inter-level travel time spent in this place.
 D = Time resting spent in this place.
 E = Time spent auto-exploring this place.
 F = Levels seen in this place.
 G = Mean time per level.
                   A        B        C        D        E       F      G
               +--------+--------+--------+--------+--------+-----+--------+
         Total |   1150 |   1106 |     44 |      0 |    867 |   2 |  575.0 |
       Dungeon |   1150 |   1106 |     44 |      0 |    867 |   2 |  575.0 |
               +--------+--------+--------+--------+--------+-----+--------+

Top non-repeatable levels by time:
     D:1: 899 daAuts
     D:2: 250 daAuts
